Map: Lost and Found LE

Players

OmegaPrime - Winner!

  • Race: Terran Terran
  • League: Diamond
  • Spawn Location: 7:00

Skullyhead

  • Race: Zerg Zerg
  • League: Diamond
  • Spawn Location: 1:00

VOD

Have the link to the VOD?

Description

ZvT Mech into Battleships

Time

  • Played on: May 25, 2018, 4:06 p.m.
  • Length: 31:01
Show
View Real Time Build Order
Export as new Build Order

OmegaPrime Terran - Winner!

Build Orders: Liberator Opening, Mech 

Get SALT Encoding   

  12  0:00  SCV  
  13  0:12  SCV  
  14  0:18  Supply Depot  
  14  0:20  Supply Depot  
  14  0:25  SCV  
  15  0:41  SCV  
  16  0:43  Barracks  
  16  0:48  Refinery  
  16  0:54  SCV  
  17  1:06  SCV  
  19  1:22  Supply Depot  
  19  1:31  Orbital Command  
  19  1:32  Reaper  
  19  1:35  Refinery  
  19  1:57  SCV  
  20  2:04  Factory  
  20  2:09  SCV  
  20  2:13  Barracks Reactor  
  21  2:21  SCV  
  22  2:30  Command Center  
  22  2:33  SCV  
  23  2:46  SCV  
  23  2:51  Starport  
  24  2:58  SCV  
  25  3:05  Hellion x2  
  29  3:07  Barracks Reactor  
  29  3:10  SCV  
  30  3:18  Supply Depot  
  30  3:22  Supply Depot, SCV  
  31  3:39  SCV, Viking  
  34  3:42  Orbital Command  
  34  3:45  Hellion  
  36  3:49  Reaper x2  
  36  3:55  Hellion  
  40  3:56  SCV, Liberator  
  41  4:07  Orbital Command  
  41  4:08  SCV  
  45  4:20  SCV  
  45  4:21  Marine x2  
  48  4:32  SCV  
  48  4:33  SCV  
  48  4:37  Hellion  
  48  4:38  Widow Mine  
  54  4:45  SCV x2  
  56  4:57  SCV  
  57  5:09  SCV x2  
  57  5:10  Factory  
  57  5:13  Refinery, Factory  
  59  5:14  Refinery  
  59  5:15  Liberator  
  59  5:19  Command Center  
  61  5:21  SCV x2  
  61  5:24  Armory  
  61  5:29  Supply Depot  
  61  5:33  SCV  
  65  5:37  SCV  
  66  5:45  SCV  
  66  5:47  Widow Mine  
  70  5:50  SCV  
  70  5:57  SCV  
  70  6:02  Supply Depot, SCV  
  70  6:03  Factory Tech Lab  
  70  6:04  Factory Tech Lab  
  71  6:09  SCV  
  70  6:12  Terran Vehicle Weapons Level 1  
  70  6:14  Supply Depot, SCV  
  70  6:16  Supply Depot  
  71  6:18  Starport Reactor  
  71  6:20  Widow Mine x2  
  71  6:21  Engineering Bay, SCV  
  76  6:26  Siege Tank  
  76  6:27  Siege Tank  
  82  6:35  SCV  
  83  6:44  Orbital Command, Hellion x2  
  88  6:47  SCV  
  88  6:55  SCV  
  88  6:58  Thor, Supply Depot  
  88  6:59  Hellion  
  97  7:02  Armory  
  97  7:07  SCV  
  97  7:08  Missile Turret  
  98  7:10  Orbital Command  
  98  7:12  Missile Turret  
  98  7:14  Widow Mine  
  98  7:15  Widow Mine  
  102  7:20  Thor  
  102  7:21  SCV  
  109  7:29  Factory  
  109  7:33  SCV  
  109  7:36  Hellion x2  
  114  7:39  SCV  
  114  7:40  SCV  
  116  7:45  SCV  
  116  7:51  Sensor Tower, SCV  
  118  7:53  Refinery, SCV  
  118  7:54  Hellion  
  118  7:57  Refinery, SCV, Hellion x2  
  126  7:59  Infernal Pre-Igniter  
  126  8:02  Smart Servos  
  126  8:03  SCV, Hellion  
  129  8:06  Supply Depot  
  129  8:09  SCV  
  129  8:10  Supply Depot, SCV  
  131  8:15  SCV  
  131  8:18  Missile Turret  
  132  8:21  SCV, Hellion  
  132  8:22  Factory Reactor, Hellion  
  132  8:23  SCV  
  138  8:27  SCV  
  138  8:28  Supply Depot  
  138  8:33  Siege Tank  
  138  8:34  SCV  
  143  8:35  SCV  
  144  8:43  Terran Vehicle Weapons Level 2  
  144  8:45  Terran Vehicle And Ship Armor Level 1  
  144  8:47  SCV  
  145  8:52  Supply Depot  
  145  8:59  SCV, Liberator x2, Hellion x2  
  145  9:00  Hellion x3  
  154  9:05  Siege Tank  
  157  9:11  SCV  
  157  9:14  Supply Depot  
  159  9:21  SCV, Hellion x2  
  159  9:22  SCV, Hellion  
  165  9:37  Siege Tank  
  165  9:38  Command Center  
  168  9:40  Starport  
  168  9:42  Hellion  
  168  9:43  Hellion x2  
  168  9:44  Cyclone  
  168  9:45  Cyclone  
  180  9:48  Rapid Fire Launchers  
  180  9:52  Drilling Claws  
  180  10:03  Cyclone  
  180  10:04  Hellion  
  185  10:34  Command Center  
  181  10:38  Missile Turret  
  181  10:39  Missile Turret  
  179  10:46  SCV x3  
  180  10:50  Siege Tank x2, Command Center  
  180  10:52  Hellion x4  
  180  10:56  Supply Depot  
  192  10:58  SCV x2  
  180  11:13  Widow Mine x2  
  180  11:14  Widow Mine, Hellion  
  186  11:20  Starport Tech Lab  
  186  11:22  Siege Tank  
  186  11:23  Missile Turret, Hellion  
  191  11:34  Terran Vehicle Weapons Level 3  
  191  11:35  Hellion x4  
  191  11:39  Factory x2, Terran Vehicle And Ship Armor Level 2  
  199  11:42  Factory  
  199  11:44  Starport  
  199  11:45  Factory  
  199  11:47  Starport, Missile Turret  
  199  11:48  Planetary Fortress  
  199  11:49  Missile Turret  
  199  11:56  Hellion  
  197  12:12  Raven, Missile Turret  
  199  12:22  Missile Turret  
  173  13:06  Raven  
  173  13:07  SCV  
  173  13:09  Refinery  
  173  13:12  Refinery  
  176  13:17  Planetary Fortress  
  176  13:19  SCV  
  177  13:25  Sensor Tower  
  177  13:28  Refinery  
  177  13:31  Refinery  
  177  13:32  SCV  
  177  13:34  Engineering Bay, Missile Turret x2  
  178  13:44  SCV  
  178  13:48  Planetary Fortress  
  169  13:51  Factory Tech Lab x3  
  169  13:52  Factory Tech Lab  
  169  13:53  Factory Reactor  
  169  13:54  Starport Reactor  
  169  13:56  SCV  
  169  14:01  Starport Reactor  
  170  14:08  SCV  
  171  14:11  Terran Ship Weapons Level 1  
  165  14:22  Liberator  
  165  14:23  Liberator  
  165  14:31  Starport Tech Lab  
  165  14:33  Cloaking Field  
  165  14:34  Banshee  
  165  14:35  Siege Tank x2  
  165  14:36  Siege Tank  
  177  14:38  Medivac x2  
  187  14:45  Fusion Core  
  187  14:51  Liberator x2  
  177  15:04  SCV  
  184  15:16  SCV, Banshee  
  184  15:18  Command Center  
  188  15:21  Hellion  
  188  15:22  Widow Mine x2, Hellion  
  188  15:23  Widow Mine x2  
  200  15:30  Terran Vehicle And Ship Armor Level 3  
  200  15:32  Armory  
  200  15:37  Refinery  
  200  15:41  Refinery  
  176  16:20  Armory  
  176  16:25  Siege Tank x3  
  162  16:26  Siege Tank x2, Hellion  
  162  16:27  Widow Mine x3, Hellion  
  162  16:28  Cyclone  
  173  16:33  Raven  
  173  16:38  SCV x3  
  173  16:39  SCV x2  
  180  16:48  Widow Mine, Cyclone x2  
  180  16:49  Widow Mine x2  
  192  16:54  Supply Depot  
  192  16:57  Widow Mine, Advanced Ballistics  
  192  16:58  Widow Mine x2  
  192  17:00  Terran Ship Weapons Level 2  
  195  17:10  Command Center  
  192  17:16  Raven  
  192  17:18  Command Center  
  184  17:47  Liberator  
  184  17:48  Liberator x4  
  181  18:04  Cyclone x3  
  178  18:30  Planetary Fortress, Liberator x2  
  178  18:31  Liberator x3  
  178  18:34  Missile Turret  
  184  18:50  Siege Tank x2  
  184  18:51  Siege Tank x3  
  194  18:56  Missile Turret  
  194  18:57  Planetary Fortress  
  194  18:59  Missile Turret  
  194  19:06  SCV  
  195  19:14  Refinery  
  195  19:16  Refinery  
  195  19:17  Refinery  
  195  19:18  Refinery, Raven  
  195  19:19  SCV  
  195  19:21  Missile Turret  
  195  19:23  Planetary Fortress  
  198  19:25  Missile Turret  
  198  19:31  SCV  
  199  19:44  Engineering Bay  
  187  20:15  Engineering Bay  
  173  20:48  Liberator x2  
  161  20:56  SCV  
  161  20:57  SCV x5  
  164  21:02  Thor x3  
  164  21:03  Thor  
  164  21:04  Viking x2  
  191  21:08  SCV  
  191  21:09  Starport  
  200  21:11  Starport  
  200  21:12  Starport x2  
  182  21:38  Hellion x4  
  182  21:39  Hellion x3  
  196  21:46  Hellion x3  
  194  21:57  Siege Tank  
  194  21:59  Hellion  
  194  22:00  Hellion x2  
  200  22:10  Terran Ship Weapons Level 3  
  183  22:37  Siege Tank x2  
  183  22:38  Siege Tank x2, Hellion x2  
  193  22:49  Liberator  
  185  22:59  Thor, Widow Mine  
  185  23:00  Hellion  
  195  23:06  Viking  
  195  23:09  Thor  
  180  23:34  Siege Tank  
  180  23:35  Siege Tank, Hellion x2  
  180  23:36  Hellion x4  
  182  23:42  Siege Tank  
  172  23:52  Siege Tank  
  175  23:56  Hellion  
  175  23:58  Cyclone, Hellbat, Hellion x4  
  181  24:07  Siege Tank x2, Starport Tech Lab x2  
  181  24:08  Starport Tech Lab  
  181  24:14  Siege Tank  
  182  24:17  Starport Tech Lab  
  182  24:18  Cyclone, Medivac  
  182  24:19  Missile Turret, Widow Mine x3, Medivac x3  
  199  24:25  Siege Tank  
  195  24:39  Siege Tank  
  165  25:09  Siege Tank x2  
  165  25:10  Siege Tank x2, Hellion x5  
  165  25:11  Siege Tank, Hellion  
  183  25:31  Hellion x4  
  183  25:32  Hellion x2  
  193  25:39  Missile Turret  
  193  25:41  Siege Tank  
  193  25:42  Hellion x3  
  200  25:43  Missile Turret  
  200  25:49  Battlecruiser  
  200  25:53  Weapon Refit  
  200  26:03  Widow Mine x2  
  190  26:14  Hellion  
  190  26:18  Siege Tank x2  
  184  26:19  Hellion x2  
  184  26:24  Siege Tank  
  183  26:36  Battlecruiser x4  
  183  26:38  Viking  
  176  27:01  Raven  
  178  27:40  Raven, Widow Mine x3, Battlecruiser x2  
  198  27:45  Command Center  
  198  27:46  Hyperflight Rotors  
  198  27:49  Liberator  
  198  27:50  Liberator x4  
  186  28:22  Banshee  
  186  28:25  Thor  
  195  28:32  Liberator  
  183  28:44  Banshee x2, Command Center  
  183  28:45  Command Center  
  184  28:50  Viking x4  
  195  29:19  Siege Tank  
  195  29:20  Viking  
  195  29:38  Command Center  
Show
View Real Time Build Order
Export as new Build Order

Skullyhead Zerg 

Build Orders: Hatch First, Swarm Host 

Get SALT Encoding   

  12  0:00  Drone  
  13  0:12  Overlord  
  13  0:16  Drone  
  14  0:30  Drone x2  
  14  0:34  Drone  
  17  0:53  Hatchery  
  17  0:56  Drone  
  17  0:59  Drone  
  18  1:10  Extractor  
  17  1:17  Spawning Pool  
  17  1:18  Drone  
  17  1:22  Drone  
  18  1:28  Drone  
  19  1:38  Overlord  
  19  1:52  Drone  
  20  2:03  Queen  
  20  2:04  Zergling x2  
  20  2:05  Queen  
  20  2:06  Zergling x2  
  26  2:22  Drone x3  
  29  2:28  Drone  
  30  2:38  Hatchery  
  29  2:45  Metabolic Boost  
  29  2:54  Queen  
  29  2:57  Overlord  
  31  3:00  Overlord  
  31  3:09  Drone x3  
  34  3:17  Drone x3  
  34  3:19  Drone  
  38  3:27  Baneling Nest  
  38  3:28  Drone  
  38  3:35  Queen  
  40  3:46  Roach Warren  
  39  3:53  Evolution Chamber  
  39  3:55  Evolution Chamber  
  37  4:04  Drone  
  37  4:05  Drone x7  
  45  4:10  Overlord  
  44  4:31  Queen  
  46  4:32  Roach x5  
  46  4:37  Zerg Missile Weapons Level 1  
  56  4:38  Overlord  
  56  4:42  Lair  
  56  4:58  Roach  
  57  5:09  Drone  
  58  5:14  Overlord x2, Extractor  
  58  5:15  Extractor  
  56  5:29  Pneumatized Carapace  
  56  5:35  Drone  
  56  5:36  Drone x2  
  56  5:37  Drone x3  
  56  5:38  Drone x2  
  56  5:40  Drone x6  
  56  5:41  Drone x2  
  72  5:56  Overseer  
  68  6:18  Spore Crawler  
  68  6:20  Spore Crawler  
  68  6:22  Spore Crawler  
  68  6:23  Drone x9  
  74  6:53  Extractor, Drone  
  74  6:54  Extractor  
  74  6:55  Overlord x4  
  74  6:56  Overlord, Zerg Missile Weapons Level 2  
  74  6:58  Zerg Ground Armor Level 1, Glial Reconstitution  
  73  7:02  Extractor  
  73  7:03  Hydralisk Den  
  71  7:12  Overseer  
  71  7:17  Drone x3  
  71  7:18  Drone x2  
  71  7:20  Drone  
  71  7:21  Drone  
  71  7:22  Drone x3  
  81  7:23  Drone  
  81  7:27  Centrifical Hooks  
  82  7:44  Hydralisk  
  82  7:45  Hydralisk x2  
  82  7:48  Zergling x16  
  82  7:49  Zergling x6  
  99  7:52  Grooved Spines  
  99  8:01  Zergling x2  
  99  8:02  Zergling x2  
  99  8:04  Zergling x2  
  102  8:10  Infestation Pit  
  101  8:13  Baneling x9  
  101  8:14  Zergling x2  
  101  8:15  Zergling x8  
  101  8:16  Hatchery  
  101  8:18  Overlord x6  
  101  8:19  Overlord  
  105  8:20  Overseer  
  103  8:53  Swarm Host x5  
  103  8:54  Swarm Host x2  
  124  9:00  Hydralisk  
  124  9:01  Hydralisk  
  117  9:18  Drone x2  
  117  9:19  Drone x4  
  123  9:27  Drone x6  
  123  9:28  Drone x3  
  132  9:32  Zerg Ground Armor Level 2  
  132  9:34  Hive  
  132  9:35  Swarm Host  
  135  9:45  Overlord x5  
  135  9:49  Drone  
  135  9:50  Drone x3  
  139  10:00  Drone x6  
  139  10:06  Muscular Augments  
  145  10:21  Hydralisk x5  
  145  10:22  Hydralisk x8  
  170  10:43  Spine Crawler, Extractor x2, Drone x2  
  170  10:44  Spine Crawler, Drone x4  
  170  10:45  Drone  
  170  10:46  Spine Crawler  
  171  10:58  Roach x15  
  197  11:04  Zerg Missile Weapons Level 3  
  195  11:11  Adrenal Glands  
  193  11:26  Swarm Host x2  
  189  12:10  Extractor  
  189  12:11  Hatchery, Extractor  
  186  12:22  Swarm Host  
  186  12:23  Swarm Host x3  
  192  12:59  Zergling x16  
  199  13:23  Ultralisk Cavern  
  199  13:24  Zerg Ground Armor Level 3  
  198  13:41  Zerg Melee Weapons Level 1  
  190  13:56  Baneling  
  190  13:57  Baneling x10  
  190  14:32  Queen  
  192  15:07  Queen  
  194  15:31  Swarm Host  
  197  15:48  Chitinous Plating  
  177  16:18  Hydralisk x4  
  171  16:19  Hydralisk x11  
  174  16:34  Overseer x2  
  174  16:42  Hydralisk  
  174  16:43  Hydralisk x11  
  174  16:45  Overlord x2  
  198  16:49  Zerg Melee Weapons Level 2  
  196  17:17  Hatchery, Extractor  
  194  17:29  Zergling x12  
  178  18:01  Hydralisk  
  178  18:02  Hydralisk x13  
  197  18:17  Hydralisk  
  197  18:18  Hydralisk  
  182  18:44  Swarm Host  
  182  18:45  Swarm Host x8  
  190  20:14  Zerg Melee Weapons Level 3  
  189  20:48  Hydralisk  
  189  20:49  Hydralisk x10  
  193  21:17  Extractor  
  193  21:18  Hatchery  
  177  21:19  Swarm Host  
  177  21:20  Swarm Host x8  
  180  22:13  Drone x3  
  180  22:14  Drone x3  
  181  22:17  Drone x10  
  181  22:18  Drone x9  
  196  22:41  Hydralisk x3  
  197  23:02  Spine Crawler x2  
  197  23:03  Spine Crawler x2  
  193  23:12  Pathogen Glands  
  193  23:15  Overlord  
  185  23:33  Hydralisk  
  185  23:34  Hydralisk x6  
  177  23:53  Hydralisk  
  177  23:54  Hydralisk x17  
  197  24:09  Neural Parasite  
  195  24:18  Overseer  
  193  24:29  Queen  
  195  24:37  Extractor  
  184  24:39  Extractor, Drone x3  
  184  24:40  Drone x3  
  184  24:41  Drone x3  
  164  24:46  Hydralisk  
  164  24:47  Hydralisk x17  
  196  25:06  Hydralisk  
  188  25:07  Hydralisk x5  
  198  26:02  Spire  
  189  26:05  Hydralisk x5  
  189  26:06  Hydralisk  
  157  27:04  Ultralisk  
  157  27:05  Ultralisk x5  
  157  27:07  Overlord  
  189  27:16  Overlord x4  
  189  27:30  Hatchery  
  170  27:52  Ultralisk x2  
  170  27:53  Ultralisk x3  
  196  28:12  Hydralisk x2  
  171  28:57  Zerg Flyer Weapons Level 1  
  171  29:04  Spire  
  171  29:08  Hydralisk x6  
  171  29:09  Hydralisk x7  
  184  29:33  Corruptor x5  
  184  29:34  Corruptor x4  
  136  30:01  Corruptor  
  136  30:02  Corruptor x14  
  140  30:16  Zergling x14  
  144  30:21  Hatchery  
Tags
 
Add a new tag
Caveats
  • Supply blocks, unpowered buildings, or Contaminate may cause inaccurate times.
  • Supply counts are checked every 10 seconds.